Map: Ruins of Seras

Players

JorgeCis

  • Race: Terran Terran
  • League: Platinum

Javert - Winner!

  • Race: Zerg Zerg
  • League: Silver

VOD

Have the link to the VOD?

Description

Time

  • Played on: July 20, 2015, 3:19 p.m.
  • Length: 12:12
Show
View Real Time Build Order
Export as new Build Order

JorgeCis Terran 

Build Orders: Liberator Opening, Reaper Expand, MMM Bio 

Get SALT Encoding   

  12  0:00  SCV  
  13  0:12  SCV  
  14  0:18  Supply Depot  
  14  0:25  SCV  
  15  0:33  Refinery  
  15  0:42  Barracks  
  15  0:45  SCV  
  16  0:57  SCV  
  17  1:09  SCV  
  18  1:21  SCV  
  19  1:28  Reaper  
  19  1:30  Supply Depot  
  20  1:33  Orbital Command  
  20  1:56  Command Center  
  20  2:06  SCV  
  20  2:08  Marine  
  21  2:18  SCV  
  21  2:21  Bunker  
  22  2:24  Factory  
  22  2:28  Marine  
  23  2:30  SCV  
  24  2:42  SCV  
  25  2:54  SCV  
  25  2:56  Supply Depot  
  26  2:58  Barracks Reactor  
  26  3:06  SCV  
  26  3:10  Starport  
  26  3:12  Orbital Command  
  27  3:16  Supply Depot  
  27  3:18  SCV  
  28  3:20  Refinery  
  30  3:27  Hellion  
  30  3:30  SCV  
  31  3:37  Liberator  
  31  3:43  SCV  
  32  3:49  SCV  
  36  3:57  SCV  
  36  4:01  SCV  
  36  4:02  Command Center  
  39  4:03  Hellion  
  39  4:05  Hellion  
  39  4:09  SCV  
  42  4:13  Supply Depot, SCV  
  43  4:17  Barracks Tech Lab  
  43  4:22  SCV  
  46  4:24  Hellion  
  46  4:25  SCV  
  46  4:26  Hellion  
  49  4:34  SCV  
  49  4:37  SCV  
  51  4:39  Supply Depot  
  51  4:42  Medivac  
  53  4:46  SCV  
  53  4:48  Hellion  
  53  4:49  SCV  
  53  4:52  Engineering Bay  
  57  4:55  Supply Depot  
  57  4:58  SCV  
  58  5:02  SCV  
  58  5:06  Marine  
  60  5:07  Stimpack  
  60  5:09  Refinery  
  60  5:10  SCV  
  60  5:14  SCV  
  62  5:16  Barracks  
  62  5:17  Barracks  
  62  5:20  Terran Infantry Weapons Level 1  
  62  5:22  SCV  
  62  5:23  Missile Turret  
  62  5:24  Missile Turret  
  62  5:26  SCV  
  64  5:29  Marine  
  64  5:34  SCV  
  66  5:38  SCV  
  66  5:40  Starport Reactor  
  66  5:41  Widow Mine x2  
  71  5:47  Armory  
  71  5:48  SCV  
  72  6:02  Marine  
  74  6:09  Barracks Reactor  
  74  6:10  Barracks Reactor  
  73  6:14  Barracks  
  73  6:15  Barracks  
  69  6:26  Marine x2  
  58  6:40  SCV  
  58  6:44  Marine x2  
  60  6:52  SCV x2  
  62  6:57  Marine x2  
  64  7:02  Marine x2  
  64  7:03  Orbital Command  
  66  7:11  Marine  
  66  7:12  Combat Shields  
  66  7:15  Marine x2  
  68  7:17  SCV x2  
  68  7:19  Barracks Reactor, Missile Turret, Marine  
  68  7:20  Marine  
  73  7:29  Marine  
  74  7:30  Medivac  
  74  7:31  Medivac  
  74  7:32  Terran Infantry Weapons Level 2  
  74  7:33  Marine x2  
  74  7:35  Engineering Bay  
  74  7:36  SCV  
  81  7:37  Marine x2  
  81  7:39  Missile Turret  
  80  7:47  Marine  
  80  7:51  Marine  
  78  7:52  Marine  
  78  7:54  Marine x2  
  78  7:55  Marine  
  81  8:00  Medivac, Liberator  
  81  8:02  Marine  
  81  8:04  Marine  
  83  8:08  Marine  
  83  8:09  Marine  
  83  8:12  SCV, Marine x2  
  78  8:14  Marine  
  82  8:20  Marine  
  82  8:22  Marine  
  82  8:24  Missile Turret  
  82  8:25  Missile Turret  
  82  8:26  Marine  
  85  8:27  Marine  
  85  8:29  Terran Infantry Armor Level 1  
  85  8:30  Marine x2  
  85  8:31  SCV  
  85  8:32  SCV  
  90  8:38  Marine  
  90  8:39  Concussive Shells, Marine  
  88  9:00  Marine x5  
  88  9:01  Marine  
  94  9:07  Marine  
  91  9:15  SCV  
  92  9:18  Marine  
  92  9:19  Marine  
  92  9:20  Marine x4  
  92  9:21  Missile Turret  
  98  9:25  Marine  
  98  9:30  Refinery, Starport  
  98  9:31  Starport  
  99  9:32  Missile Turret  
  99  9:33  Supply Depot  
  99  9:34  Missile Turret  
  99  9:35  Marine  
  99  9:37  Marine  
  101  9:38  Supply Depot  
  101  9:45  Marine x3  
  104  9:49  Widow Mine x2  
  104  9:50  Missile Turret  
  106  9:59  Missile Turret, Marine x3  
  109  10:04  Marine  
  110  10:09  SCV x2  
  110  10:11  Marine  
  113  10:26  Marine  
  113  10:27  Widow Mine, Marine  
  117  10:37  Marine x2  
  117  10:38  Marine x2  
  104  10:50  Barracks  
  103  10:58  Medivac x2  
  103  10:59  Medivac  
  103  11:02  Liberator  
  100  11:31  Marine x4  
  100  11:32  Widow Mine x2, Marine x2  
Show
View Real Time Build Order
Export as new Build Order

Javert Zerg - Winner!

Build Orders: Hatch First, Muta Ling Bane 

Get SALT Encoding   

  12  0:01  Drone  
  13  0:15  Overlord  
  13  0:20  Drone  
  14  0:33  Drone x2  
  16  0:38  Drone  
  17  0:54  Hatchery  
  16  0:57  Drone  
  16  1:00  Extractor  
  16  1:01  Drone  
  17  1:10  Drone  
  18  1:19  Spawning Pool  
  17  1:27  Drone  
  17  1:31  Drone  
  19  1:41  Drone  
  20  1:53  Drone  
  21  2:08  Queen  
  21  2:09  Metabolic Boost  
  21  2:10  Queen  
  21  2:15  Drone x3  
  28  2:20  Overlord  
  28  2:31  Overlord  
  28  2:56  Drone x5  
  33  3:02  Drone  
  34  3:10  Queen  
  36  3:19  Hatchery  
  35  3:20  Zergling x4  
  35  3:21  Zergling x2  
  38  3:29  Overlord  
  38  3:35  Drone x5  
  38  3:36  Drone  
  44  3:46  Overlord x2  
  44  3:51  Overlord  
  44  4:02  Lair  
  44  4:04  Drone, Extractor  
  44  4:05  Drone x5  
  44  4:08  Extractor  
  48  4:10  Extractor  
  47  4:21  Overlord x3  
  45  4:37  Overlord x3  
  45  4:39  Drone x4  
  49  4:53  Drone x4  
  49  4:54  Drone x3  
  49  4:56  Spine Crawler  
  55  5:08  Drone x2  
  55  5:09  Drone x2, Spire  
  58  5:17  Baneling Nest  
  58  5:18  Burrow  
  57  5:29  Zergling x16  
  65  5:37  Zergling x6  
  65  5:41  Spore Crawler  
  67  5:43  Zergling x2  
  67  5:44  Zergling x8  
  68  6:12  Overlord x3  
  65  6:27  Mutalisk x10  
  81  6:49  Mutalisk x3  
  86  6:57  Drone x10  
  86  7:01  Overseer  
  96  7:02  Pneumatized Carapace  
  96  7:04  Drone  
  97  7:10  Drone x2  
  99  7:17  Mutalisk x2  
  99  7:20  Drone, Extractor  
  99  7:21  Drone x4, Extractor  
  106  7:28  Drone x4  
  106  8:01  Drone x8  
  110  8:10  Drone x20  
  110  8:15  Zergling x12  
  116  8:28  Queen x2  
  116  8:30  Centrifical Hooks  
  116  8:33  Evolution Chamber x2  
  118  8:35  Drone x5  
  118  8:36  Drone, Overlord  
  122  8:47  Extractor  
  121  8:49  Hatchery  
  121  8:50  Extractor  
  105  9:08  Mutalisk x11  
  105  9:09  Mutalisk x2  
  131  9:13  Zergling x8  
  134  9:24  Mutalisk x2  
  138  9:32  Zerg Melee Weapons Level 1  
  138  10:00  Baneling x12  
  138  10:02  Zergling x30  
  153  10:09  Drone  
  153  10:10  Drone x4  
  158  10:34  Mutalisk  
  160  10:36  Overlord x5  
  160  10:40  Infestation Pit  
  153  10:50  Baneling x10  
  153  10:51  Baneling x7  
  153  10:53  Baneling x4  
  147  11:00  Zergling x38  
  164  11:16  Spine Crawler  
  164  11:17  Spine Crawler x2  
  157  11:19  Spine Crawler x3  
  150  11:26  Mutalisk x8  
  150  11:27  Mutalisk x3  
Tags
 
Add a new tag
Caveats
  • Supply blocks, unpowered buildings, or Contaminate may cause inaccurate times.
  • Supply counts are checked every 10 seconds.